 Dungeon Crawl Stone Soup version 0.25-a0-167-g836c352ace (webtiles) character file.

Game seed: 15411856729758955979, levelgen mode: deterministic

76343 Flugkiller the Brawler (level 14, -8/120 HPs)
             Began as a Troll Fighter on Nov 25, 2019.
             Was the Champion of Jiyva.
             Killed from afar by a wretched star (40 damage)
             ... with an orb of energy
             ... on level 3 of the Abyss.
             The game lasted 00:39:52 (21152 turns).

Flugkiller the Brawler (Troll Fighter)             Turns: 21152, Time: 00:39:53

Health: -8/120     AC:  5    Str: 24    XL:     14   Next: 67%
Magic:  14/14      EV: 12    Int:  5    God:    Jiyva [******]
Gold:   934        SH: 12    Dex: 17    Spells: 4/17 levels left

rFire    + . .     SeeInvis .     - Unarmed
rCold    . . .     Gourm    +   b - +0 shield
rNeg     . . .     Faith    .   o - +0 robe {Archmagi}
rPois    +         Spirit   .   (helmet restricted)
rElec    +         Reflect  .   j - -2 cloak
rCorr    +         Harm     +   (gloves unavailable)
MR       +....                  (boots unavailable)
Stlth    +.........             S - amulet of Sejihiza {Harm *Drain rElec Str+4 Stlth-}
HPRegen  0.70/turn              k - ring of Impatience {+Fly rPois rF+ Int+2}
MPRegen  0.14/turn              (no ring)

@: no status effects
A: large, unfitting armour, claws 3, talons 1, [blurry vision 3], [dopey 2],
fast metabolism 3, [frail 2], gourmand, low mp 1, regeneration 1, [screaming 2],
shaggy fur 1, tough skin 3, translucent skin 1
}: 1/15 runes: slimy
a: Request Jelly, Slimify, Cure Bad Mutation, Renounce Religion, Evoke Flight


You were on level 3 of the Abyss.
You worshipped Jiyva.
Jiyva was exalted by your worship.
You were completely stuffed.

You visited 4 branches of the dungeon, and saw 26 of its levels.
You visited the Abyss 1 time.

You collected 1275 gold pieces.
You spent 341 gold pieces at shops.

Inventory:

Hand Weapons
 H - a +4 scimitar of flaming
   (You took it off Erica on level 2 of the Lair of Beasts)
Missiles
 P - 7 large rocks (quivered)
Armour
 b - a +0 shield (worn)
 j - a -2 cloak (worn)
   (You found it on level 6 of the Lair of Beasts)
 o - a +0 robe of the Archmagi (worn)
   (You took it off Jessica on level 3 of the Dungeon)
 q - a +2 robe of cold resistance
   (You took it off Fannar on level 2 of the Lair of Beasts)
 J - +0 swamp dragon scales
   (You found it on level 6 of the Lair of Beasts)
 R - the +2 cloak of the Thief {+Fog Slay-2 SInv Stlth+}
   (You found it on level 5 of the Pits of Slime)

   It affects your accuracy and damage with ranged weapons and melee attacks
   (-2).
   It lets you see invisible.
   It makes you more stealthy.
Jewellery
 k - the ring of Impatience (left claw) {+Fly rPois rF+ Int+2}
   (You found it on level 4 of the Lair of Beasts)

   [ring of flight]

   It affects your intelligence (+2).
   It protects you from fire.
   It protects you from poison.
   It lets you fly.
 m - an uncursed ring of fire
   (You found it on level 4 of the Dungeon)
 S - the amulet of Sejihiza (around neck) {Harm *Drain rElec Str+4 Stlth-}
   (You found it on level 5 of the Pits of Slime)

   [amulet of harm]

   It increases damage dealt and taken.
   It affects your strength (+4).
   It insulates you from electricity.
   It causes draining when unequipped.
   It makes you less stealthy.
Wands
 y - a wand of digging (6)
   (You found it on level 5 of the Lair of Beasts)
 B - a wand of paralysis (4)
   (You found it on level 1 of the Lair of Beasts)
 F - a wand of acid (3)
   (You found it on level 2 of the Lair of Beasts)
 M - a wand of iceblast (7)
   (You found it on level 9 of the Dungeon)
 O - a wand of polymorph (20)
   (You found it on level 11 of the Dungeon)
 Q - a wand of scattershot (4)
   (You found it on level 12 of the Dungeon)
Scrolls
 a - 3 scrolls of magic mapping
 e - 4 scrolls of teleportation
 i - 3 scrolls of enchant armour
 u - 5 scrolls of remove curse
 v - a scroll of brand weapon
 A - a scroll of immolation
 C - a scroll of enchant weapon
 D - a scroll of vulnerability
 E - 2 scrolls of holy word
 G - 2 scrolls of fog
 I - a scroll of summoning {unknown}
 L - 3 scrolls of blinking
Potions
 c - 6 potions of might
 f - a potion of berserk rage
 g - 2 potions of lignification
 h - a potion of curing
 l - a potion of mutation
 n - 2 potions of agility
 p - 3 potions of flight
 r - 3 potions of brilliance
 t - 2 potions of invisibility
 w - 2 potions of resistance
 x - 2 potions of magic
 z - 4 potions of haste
Miscellaneous
 s - a lamp of fire
   (You found it on level 4 of the Lair of Beasts)
 K - a phantom mirror
 N - a lightning rod (4/4)
   (You found it on level 5 of the Pits of Slime)
Comestibles
 d - 35 rations


   Skills:
 - Level 12.8 Fighting
 - Level 4.1 Dodging
 - Level 9.0 Shields
 - Level 15.3 Unarmed Combat
 - Level 2.0 Spellcasting
 + Level 5.2 Transmutations
 + Level 5.6 Earth Magic


You had 4 spell levels left.
You knew the following spells:

 Your Spells              Type           Power        Failure   Level  Hunger
a - Blade Hands           Tmut           #.........   80%         5    ######.
b - Sticks to Snakes      Tmut           #.......     8%          2    ###....
c - Statue Form           Tmut/Erth      #........    100%        6    #######

Your spell library contained the following spells:

 Spells                   Type           Power        Failure   Level  Hunger
 Beastly Appendage        Tmut           #.....       4%          1    ##.....
 Sandblast                Erth           #.....       4%          1    ##.....
 Passwall                 Tmut/Erth      #.......     7%          2    ###....
 Stone Arrow              Conj/Erth      #.....       38%         3    ####...
 Freeze                   Ice            #...         41%         1    ##.....
 Infusion                 Chrm           #...         41%         1    ##.....
 Sting                    Conj/Pois      #...         41%         1    ##.....
 Spider Form              Tmut/Pois      #.........   41%         3    ####...
 Petrify                  Tmut/Erth      #.......     43%         4    #####..
 Blink                    Tloc           N/A          54%         2    ###....
 Corpse Rot               Necr           N/A          54%         2    ###....
 Poisonous Vapours        Pois/Air       #.....       54%         2    ###....
 Shroud of Golubria       Chrm/Tloc      #.....       54%         2    ###....
 Swiftness                Chrm/Air       #.......     54%         2    ###....
 Throw Frost              Conj/Ice       #.....       54%         2    ###....
 Gell's Gravitas          Tloc           #.........   78%         3    ####...
 Lesser Beckoning         Tloc           #.........   78%         3    ####...
 Mephitic Cloud           Conj/Pois/Air  #.......     78%         3    ####...
 Ozocubu's Armour         Chrm/Ice       #.......     78%         3    ####...
 Regeneration             Chrm/Necr      #.........   78%         3    ####...
 Teleport Other           Tloc           #.......     78%         3    ####...
 Leda's Liquefaction      Hex/Erth       #.........   80%         4    #####..
 Ice Form                 Ice/Tmut       #.......     83%         4    #####..
 Olgreb's Toxic Radiance  Pois           #.......     99%         4    #####..
 Passage of Golubria      Tloc           N/A          99%         4    #####..
 Summon Ice Beast         Ice/Summ       #.......     99%         4    #####..
 Throw Icicle             Conj/Ice       #.......     99%         4    #####..
 Lee's Rapid Deconstruct  Erth           #.........   77%         5    ######.
 Bolt of Magma            Conj/Fire/Erth #.........   99%         5    ######.
 Excruciating Wounds      Chrm/Necr      #.........   100%        5    ######.
 Iskenderun's Battlesphe  Conj/Chrm      #.......     100%        5    ######.
 Summon Forest            Summ/Tloc      #.........   100%        5    ######.
 Summon Mana Viper        Hex/Summ       #.......     100%        5    ######.
 Venom Bolt               Conj/Pois      #.........   100%        5    ######.
 Hydra Form               Tmut           #.........   100%        6    #######
 Iron Shot                Conj/Erth      #.........   100%        6    #######
 Orb of Destruction       Conj           #.........   100%        7    #######
 Spellforged Servitor     Conj/Summ      #.........   100%        7    #######
 Summon Hydra             Summ           #.........   100%        7    #######


Dungeon Overview and Level Annotations

Branches:
Dungeon (14/15)            Temple (1/1) D:5            Lair (6/6) D:8
  Swamp (0/4) Lair:2       Spider (0/4) Lair:2        Slime (5/5) Lair:5
    Orc (0/2) D:12
 Vaults: D:13-14

Altars:
Cheibriados
Dithmenos
Elyvilon
Kikubaaqudgha
Makhleb
Nemelex Xobeh
Okawaru
Qazlal
Ru
Sif Muna
Uskayaw
Wu Jian
Yredelemnul
Zin
The Shining One
Jiyva

Shops:
D:8 !   D:13 (

Annotations:
D:4 2 transporters
D:14 Louise
Lair:2 2 transporters, Esoasiq's ghost, journeyman DsGl
Lair:5 3 runed translucent doors, Baiput's ghost, journeyman GrFi
Slime:5 Royal Jelly


Innate Abilities, Weirdness & Mutations

You are too large for most types of armour.
You have claws for hands.
Your metabolism is lightning-fast.
You like to eat raw meat.
Your natural rate of healing is unusually fast.
You are covered in fur. (AC +1)
You have extremely tough skin. (AC +3)
You have sharp toenails.
Your magical capacity is low. (-10% MP)
Your translucent skin slightly reduces your foes' accuracy. (Stealth)
[Scrolls take you much longer to read.]
[You are very dopey. (Int -4)]
[You are very frail. (-20% HP)]
[You sometimes yell uncontrollably at your foes.]


Message History

Moving in this stuff is going to be slow.
You barely miss the chaos spawn. Your kick misses the chaos spawn.
The chaos spawn hits you. The chaos spawn freezes you!
You mangle the chaos spawn!!
You kill the chaos spawn!
The chaos spawn degenerates into a cloud of primal chaos!
You hear a chilling moan.
A starcursed mass splits.
You hear a roar!
A chorus of shrieks assaults your mind.
A starcursed mass splits.
A hellwing comes into view.
The hellwing gives a chilling moan.
A smoke demon comes into view.
A chorus of shrieks assaults your mind. A chorus of shrieks assaults your mind.
The hellwing hits you. You block the hellwing's attack.
You claw the hellwing! Your kick misses the hellwing.
The hellwing is moderately wounded.
The smoke demon gestures at you. Something smites you!
Unknown command.
You block the hellwing's attack. x2
Unknown command.
The smoke demon gestures at you. Something smites you!
* * * LOW HITPOINT WARNING * * *
The hellwing hits you!
* * * LOW HITPOINT WARNING * * *
The hellwing hits you but does no damage.
Unknown command.
You hear a distant slurping noise.
Jiyva appreciates your sacrifice.
You feel a little less hungry.
You feel better.
The wretched star pulses with an eldritch light!
You feel the urge to shout.
You feel a strong urge to yell.
Your vision blurs.
Unknown command.
Really read with blurry vision while enemies are nearby?
You hear a distant slurping noise.
Jiyva appreciates your sacrifice.
You feel a little less hungry.
You feel better. The hellwing completely misses you. The hellwing hits you!
* * * LOW HITPOINT WARNING * * *
You begin reading the scroll.
You continue reading the scroll.
The hellwing misses you.
The hellwing hits you but does no damage.
The wretched star glows turbulently.
The orb of energy hits the hellwing.
The orb of energy explodes!
The mystic blast hits you!!
You die...

.. ..... #.X### #
.>... ..# # X.≈#..
..........≈≈.≈....
####..#.≈≈≈ ###.
.#..####.≈≈≈.# #
........#≈≈≈#...
........# ###.###
.....3*###.....#
.#.....#4@...# #
##...###...##
#.... .....#
...... .......# ..
.. ........# ....
...........
.#.#.#.#..##.....
#####.## ####.


You could see a wretched star, a hellwing and a smoke demon.

Vanquished Creatures
  A tentacled starspawn (Abyss:3)
  A fire dragon (Lair:6)
  Josephine (D:13)
  An ogre mage (D:14)
  Fannar (Lair:2)
  A hydra (D:13)
  An anaconda (Lair:6)
  2 centaur warriors (D:14)
  Erica (Lair:2)
  7 two-headed ogres
  2 death yaks (Lair:5)
  A deep elf knight (D:14)
  3 unseen horrors
  A skeletal warrior (D:14)
  A swamp dragon (Lair:6)
  A lindwurm (Lair:5)
  2 ugly things
  4 manticores
  3 deep elf magi (D:14)
  2 cyclopes
  A moth of wrath (D:13)
  16 elephants
  6 black mambas
  2 torpor snails
  5 centaur skeletons
  3 gargoyles
  12 spiny frogs
  A kobold demonologist (D:12)
  6 komodo dragons
  A rime drake (Lair:6)
  A yaktaur (D:14)
  An efreet (D:14)
  5 trolls
  10 polar bears (Lair:6)
  2 hornets (D:8)
  Prince Ribbit (D:8)
  12 blink frogs
  2 raiju (Lair:6)
  3 dream sheep (Lair:3)
  6 hippogriffs
  6 wraiths
  A shadow (D:11)
  A vampire (D:13)
  3 wyverns
  23 yaks
  A hungry ghost (D:7)
  A steam dragon (D:10)
  2 vampire mosquitoes (D:14)
  A chaos spawn (Abyss:3)
  4 acid dragons
  8 water moccasins
  5 wargs
  15 hell hounds (Lair:6)
  5 porcupines
  5 orc warriors
  4 sky beasts
  3 swamp drakes (Lair:6)
  4 phantoms
  A hornet zombie (D:8)
  11 black bears
  2 necrophages (D:9)
  An eye of draining (D:8)
  22 wolves
  6 ogres
  9 centaurs
  A big kobold (D:14)
  8 crocodiles
  12 bullfrogs
  2 wyvern zombies
  6 scorpions
  8 killer bees
  4 wights (D:12)
  3 howler monkeys
  A vampire bat (D:8)
  3 crimson imps
  2 centaur zombies
  A bullfrog zombie (D:7)
  5 hounds
  12 orc priests
  8 orc wizards
  2 bullfrog skeletons
  6 jellies
  Jessica (D:3)
  6 iguanas
  12 worker ants
  A killer bee zombie (D:5)
  A hound zombie (D:10)
  A hound skeleton (D:9)
  A mummy (D:4)
  A howler monkey zombie (D:7)
  2 howler monkey skeletons (D:4)
  11 adders
  4 shadow imps
  2 oozes
  2 adder skeletons
  2 adder zombies
  3 worms
  4 dart slugs
  6 leopard geckos
  38 orcs
  3 ball pythons
  5 giant cockroaches
  2 goblins
  7 hobgoblins
  8 jackals
  2 quokkas
  15 bats
  4 frilled lizards
  10 kobolds
  2 quokka skeletons (D:5)
  9 rats
  2 bushes
  A fungus (Lair:6)
529 creatures vanquished.

Vanquished Creatures (others)
  An unseen horror (D:14)
  A wraith (D:14)
  A yak (D:14)
  3 black bears (Lair:6)
  A centaur (D:14)
  A bullfrog (D:14)
  A howler monkey (D:9)
  53 jellies
  2 worker ants
  An adder (D:12)
  A shadow imp (D:9)
  2 kobolds (D:14)
  3 bushes (D:10)
  8 fungi
  18 plants
  4 starspawn tentacles (Abyss:3)
101 creatures vanquished.

Grand Total: 630 creatures vanquished

Notes
Turn   | Place    | Note
-------+----------+-------------------------------------------
     0 | D:1      | Flugkiller the Troll Fighter began the quest for the Orb.
     0 | D:1      | Reached XP level 1. HP: 22/22 MP: 0/0
    88 | D:1      | Reached XP level 2. HP: 29/29 MP: 1/1
   154 | D:1      | Reached skill level 3 in Unarmed Combat
   843 | D:2      | Reached XP level 3. HP: 36/36 MP: 2/2
  1096 | D:3      | Reached skill level 4 in Unarmed Combat
  1198 | D:3      | Noticed Jessica
  1208 | D:3      | Killed Jessica
  1208 | D:3      | Reached XP level 4. HP: 44/44 MP: 3/3
  1362 | D:3      | Reached skill level 5 in Unarmed Combat
  1436 | D:3      | Reached XP level 5. HP: 47/50 MP: 4/4
  1551 | D:3      | Noticed a phantom
  1570 | D:3      | Killed a phantom
  2064 | D:4      | Reached XP level 6. HP: 61/61 MP: 5/5
  2321 | D:4      | Found a transporter.
  2333 | D:4      | Found an ornate altar of the Wu Jian Council.
  2333 | D:4      | Found a transporter.
  2334 | D:4      | Noticed a wyvern
  2526 | D:4      | Reached skill level 6 in Unarmed Combat
  2570 | D:4      | Found a snail-covered altar of Cheibriados.
  2643 | D:5      | Entered Level 5 of the Dungeon
  2656 | D:5      | Reached XP level 7. HP: 25/67 MP: 6/6
  2767 | D:5      | Noticed a hippogriff
  2845 | D:4      | Killed a hippogriff
  3134 | D:5      | Reached XP level 8. HP: 67/79 MP: 7/7
  3159 | D:5      | Reached skill level 7 in Unarmed Combat
  3432 | D:5      | Found a stormy altar of Qazlal.
  3537 | D:5      | Found a staircase to the Ecumenical Temple.
  3557 | D:5      | Found an ancient bone altar of Kikubaaqudgha.
  3562 | D:5      | Found a glowing silver altar of Zin.
  3598 | Temple   | Entered the Ecumenical Temple
  3685 | D:6      | Reached skill level 5 in Fighting
  3685 | D:6      | Reached skill level 5 in Shields
  4598 | D:7      | Reached skill level 8 in Unarmed Combat
  4603 | D:7      | Reached XP level 9. HP: 75/89 MP: 8/8
  4750 | D:7      | Identified the +8 falchion "Meur" {speed, Dex+5}
  4752 | D:7      | Found an iron altar of Okawaru.
  5550 | D:8      | Reached skill level 9 in Unarmed Combat
  5583 | D:8      | Found a staircase to the Lair.
  5594 | D:8      | Found Taeho's Distillery.
  5595 | D:8      | Noticed Prince Ribbit
  5634 | D:8      | Bought a potion of magic for 88 gold pieces
  5634 | D:8      | Bought a potion of haste for 110 gold pieces
  5634 | D:8      | Bought a potion of heal wounds for 55 gold pieces
  5634 | D:8      | Bought a potion of magic for 88 gold pieces
  5646 | D:8      | Found a sacrificial altar of Ru.
  5981 | D:8      | Reached XP level 10. HP: 102/102 MP: 9/9
  5993 | D:8      | Killed Prince Ribbit
  6175 | D:8      | Noticed a gargoyle
  6183 | D:8      | Killed a gargoyle
  6407 | Lair:1   | Entered Level 1 of the Lair of Beasts
  6419 | Lair:1   | Noticed a spiny frog
  6426 | Lair:1   | Killed a spiny frog
  6570 | Lair:1   | Reached skill level 10 in Unarmed Combat
  6750 | Lair:1   | Got an iridescent glaive
  7001 | Lair:1   | Noticed a spiny frog
  7011 | Lair:1   | Killed a spiny frog
  7490 | Lair:2   | Found a hole to the Spider Nest.
  7557 | Lair:2   | Noticed Fannar
  7797 | Lair:2   | Noticed a spiny frog
  7804 | Lair:2   | Killed a spiny frog
  7831 | Lair:2   | Noticed Erica
  8034 | Lair:2   | Found a transporter.
  8037 | Lair:2   | Found a transporter.
  8038 | Lair:2   | Noticed Esoasiq's ghost (journeyman DsGl)
  8053 | Lair:2   | Noticed an elephant
  8053 | Lair:2   | Noticed an elephant
  8054 | Lair:2   | Noticed an elephant
  8055 | Lair:2   | Noticed an elephant
  8057 | Lair:2   | Noticed an elephant
  8062 | Lair:2   | Killed an elephant
  8062 | Lair:2   | Reached XP level 11. HP: 93/113 MP: 10/10
  8271 | Lair:2   | Reached skill level 11 in Unarmed Combat
  8408 | Lair:2   | Found a staircase to the Swamp.
  8510 | Lair:2   | Killed Fannar
  8750 | Lair:2   | Killed Erica
  9377 | Lair:3   | HP: 5/115 [poisoned by a spiny frog]
  9803 | Lair:3   | Reached skill level 12 in Unarmed Combat
 10329 | Lair:3   | Reached skill level 10 in Fighting
 10334 | Lair:3   | Reached XP level 12. HP: 58/126 MP: 11/11
 10854 | Lair:4   | Got a scintillating wooden ring
 11048 | Lair:4   | Identified the ring of Impatience {+Fly rPois rF+ Int+2}
                  | (You found it on level 4 of the Lair of Beasts)
 11439 | Lair:4   | Reached skill level 13 in Unarmed Combat
 12036 | Lair:5   | Found a runed translucent door.
 12037 | Lair:5   | Found a viscous altar of Jiyva.
 12039 | Lair:5   | Found a staircase to the Slime Pits.
 12091 | Lair:5   | Found a runed translucent gate.
 12091 | Lair:5   | Found a runed translucent gate.
 12091 | Lair:5   | Found a runed translucent gate.
 12098 | Lair:5   | Noticed a minotaur
 12099 | Lair:5   | Noticed Baiput's ghost (journeyman GrFi)
 12166 | Lair:5   | HP: 6/130 [black mamba (16)]
 12171 | Lair:5   | HP: 6/130 [poisoned by a black mamba]
 12176 | Lair:5   | HP: 6/130 [poisoned by a black mamba]
 12549 | Lair:5   | Noticed a death yak
 12567 | Lair:5   | Noticed a death yak
 12574 | Lair:5   | Killed a death yak
 12590 | Lair:5   | Killed a death yak
 13003 | Lair:5   | Became a worshipper of Jiyva Jois the Shapeless
 13021 | Lair:6   | Entered Level 6 of the Lair of Beasts
 13419 | Lair:6   | Reached skill level 14 in Unarmed Combat
 13438 | Lair:6   | Reached * piety under Jiyva
 13496 | Lair:6   | Reached XP level 13. HP: 58/137 MP: 12/12
 14441 | Lair:6   | Reached ** piety under Jiyva
 14698 | Lair:6   | Noticed a fire dragon
 14713 | Lair:6   | Killed a fire dragon
 14971 | Lair:6   | Reached *** piety under Jiyva
 15101 | Lair:6   | Gained mutation: Your system is resistant to poisons.
                  | (rPois) [Jiyva's grace]
 15612 | Lair:6   | Reached skill level 15 in Unarmed Combat
 15704 | Lair:6   | Reached **** piety under Jiyva
 15704 | Lair:6   | Gained mutation: You expend magic power (3 MP) to
                  | strengthen your wands. [Jiyva's grace]
 15887 | Slime:1  | Entered Level 1 of the Pits of Slime
 15887 | Slime:1  | Noticed an azure jelly
 15941 | Slime:1  | Noticed an azure jelly
 15980 | Slime:2  | Noticed an azure jelly
 15989 | Slime:2  | Noticed an acid blob
 15990 | Slime:3  | Noticed an acid blob
 15990 | Slime:3  | Noticed an acid blob
 15992 | Slime:3  | Noticed an azure jelly
 15993 | Slime:3  | Noticed an azure jelly
 15993 | Slime:3  | Noticed an azure jelly
 15995 | Slime:4  | Noticed an azure jelly
 15997 | Slime:4  | Noticed an acid blob
 15998 | Slime:4  | Noticed an acid blob
 16004 | Slime:5  | Entered Level 5 of the Pits of Slime
 16004 | Slime:5  | Noticed an azure jelly
 16006 | Slime:5  | Noticed an acid blob
 16016 | Slime:5  | Noticed an azure jelly
 16017 | Slime:5  | Noticed an acid blob
 16018 | Slime:5  | Found a viscous altar of Jiyva.
 16018 | Slime:5  | Noticed the Royal Jelly
 16018 | Slime:5  | Noticed an acid blob
 16018 | Slime:5  | Noticed an acid blob
 16019 | Slime:5  | Noticed an acid blob
 16019 | Slime:5  | Noticed an azure jelly
 16022 | Slime:5  | Found the +2 cloak of the Thief {+Fog Slay-2 SInv Stlth+}
 16044 | Slime:5  | Noticed an azure jelly
 16089 | Slime:5  | Noticed an acid blob
 16109 | Slime:3  | Noticed an azure jelly
 16433 | D:9      | Gained mutation: Armour fits poorly on your strangely
                  | shaped body. [Jiyva's grace]
 16472 | D:9      | Found a burning altar of Makhleb.
 16475 | D:9      | Found a glowing golden altar of the Shining One.
 16568 | D:9      | Learned a level 5 spell: Blade Hands
 16592 | D:9      | Reached ***** piety under Jiyva
 16610 | D:9      | Learned a level 2 spell: Sticks to Snakes
 16852 | D:9      | Found a hide-covered altar of Uskayaw.
 16852 | D:9      | Found a faded altar of an unknown god.
 16858 | D:9      | Found a sparkling altar of Nemelex Xobeh.
 16860 | D:9      | Found a shimmering blue altar of Sif Muna.
 16862 | D:9      | Found a shadowy altar of Dithmenos.
 17120 | D:10     | Entered Level 10 of the Dungeon
 17226 | D:10     | Gained mutation: You are covered in slimy tendrils that may
                  | disarm your opponents. [Jiyva's grace]
 17319 | D:10     | Reached skill level 1 in Transmutations
 17327 | D:10     | Found a shimmering blue altar of Sif Muna.
 17490 | D:10     | Reached skill level 1 in Spellcasting
 18121 | D:11     | Noticed an azure jelly
 18121 | D:11     | a seven-headed hydra changed into an azure jelly
 18149 | D:11     | Gained mutation: Your rubbery body absorbs attacks. (AC +1,
                  | EV +1) [Jiyva's grace]
 18443 | D:12     | Found a staircase to the Orcish Mines.
 18461 | D:12     | Reached XP level 14. HP: 104/150 MP: 15/15
 18529 | D:12     | Reached ****** piety under Jiyva
 18538 | D:12     | Lost mutation: Your rubbery body absorbs attacks. (AC +1,
                  | EV +1) [Jiyva's grace]
 18612 | D:12     | Lost mutation: You expend magic power (3 MP) to strengthen
                  | your wands. [Jiyva's grace]
 19179 | Slime:2  | Noticed an acid blob
 19184 | Slime:3  | Noticed an acid blob
 19203 | Slime:5  | Gained mutation: Your translucent skin slightly reduces
                  | your foes' accuracy. (Stealth) [Jiyva's grace]
 19211 | Slime:5  | Gained mutation: Your flesh is cold resistant. (rC+)
                  | [Jiyva's grace]
 19216 | Slime:5  | Identified the Disquisition on Ashen Intoxication
 19223 | Slime:5  | Identified the Incunabulum of Enthralling Good Luck
 19224 | Slime:5  | Gained mutation: You are weak. (Str -2) [Jiyva's grace]
 19242 | Slime:5  | Lost mutation: You are weak. (Str -2) [Jiyva's grace]
 19251 | Slime:5  | Got a steaming pewter amulet
 19266 | Slime:5  | Got a slimy rune of Zot
 19284 | Slime:5  | Learned a level 6 spell: Statue Form
 19696 | D:13     | Reached skill level 1 in Earth Magic
 19699 | D:13     | Lost mutation: Your flesh is cold resistant. (rC+) [Jiyva's
                  | grace]
 19714 | D:13     | Noticed Josephine
 19734 | D:13     | Killed Josephine
 20076 | D:13     | Noticed an acid blob
 20076 | D:13     | a six-headed hydra changed into an acid blob
 20083 | D:13     | Found Ipnios's Antique Weapon Shop.
 20083 | D:13     | Noticed Nessos
 20088 | D:13     | Noticed Nessos
 20088 | D:13     | Nessos changed into Nessos the moth of wrath
 20093 | D:13     | Gained mutation: You have sharp toenails. [Jiyva's grace]
 20096 | D:13     | Killed Nessos the moth of wrath
 20570 | D:14     | Gained mutation: Your magical capacity is low. (-10% MP)
                  | [Jiyva's grace]
 20807 | D:14     | Lost mutation: Armour fits poorly on your strangely shaped
                  | body. [Jiyva's grace]
 20860 | D:14     | Lost mutation: You are covered in slimy tendrils that may
                  | disarm your opponents. [Jiyva's grace]
 20868 | D:14     | Reached skill level 5 in Earth Magic
 21009 | D:14     | Lost mutation: Your system is resistant to poisons. (rPois)
                  | [Jiyva's grace]
 21025 | D:14     | Reached skill level 5 in Transmutations
 21048 | D:14     | Noticed Louise
 21056 | D:14     | Identified the amulet of Sejihiza {Harm *Drain rElec Str+4
                  | Stlth-} (You found it on level 5 of the Pits of Slime)
 21057 | D:14     | Cast into level 3 of the Abyss (Louise)
 21067 | Abyss:3  | Noticed a tentacled starspawn
 21082 | Abyss:3  | Killed a tentacled starspawn
 21114 | Abyss:3  | Noticed a starcursed mass
 21124 | Abyss:3  | Noticed a starcursed mass
 21152 | Abyss:3  | Killed from afar by a wretched star

Levels and vault maps discovered:
D:1:      dpeg_arrival_shrine, layout_basic
D:2:      layout_basic, first_ration
D:3:      minmay_skewed_foursquare, layout_basic, uniq_jessica
D:4:      layout_basic, gammafunk_temple_overflow_arena, serial_forest,
          infiniplex_forest_zigzag_1, infiniplex_forest_straight_4,
          infiniplex_forest_straight_4, infiniplex_forest_lined_room_3,
          infiniplex_forest_clump_cross, infiniplex_forest_straight_2,
          chei_slow_surprise
D:5:      layout_cave_pools, kennysheep_mini_moat,
          minmay_temple_entry_butterflies, serial_park, serial_park_avenue1,
          serial_park_square3 [serial_park_minivault_5x5_5], serial_park_gazebo
          [serial_park_minivault_5x5_3], basic_altar,
          corexii_item_surrounded_by_moat, nicolae_qazlal_general_emergency
D:6:      layout_basic
D:7:      layout_basic, okawaru_ov_weapons_minmay
D:8:      layout_rooms, nicolae_ru_path_of_blood, lair_entry_dummy,
          serial_shops, nicolae_shop_crystal, hangedman_pestilent_swarm,
          kb_lookout_dungeons_type, roderic_batcave, chequers_garden,
          uniq_prince_ribbit1
D:9:      layout_basic, grunt_temple_overflow_open,
          chequers_temple_overflow_minitemple
D:10:     layout_loops_cross, basic_altar, minmay_hedge_maze
D:11:     layout_roguey, kennysheep_generic_room_6
D:12:     layout_roguey, david_orc_3
D:13:     layout_stronghold, serial_shops, shop, uniq_nessos, uniq_josephine
D:14:     layout_roguey, hangedman_vaults_entry_quadrant_bands,
          infiniplex_staircase_9_rooms, uniq_louise, uniq_snorg, uniq_azrael
Temple:   minmay_temple_bridge_abc
Lair:1:   layout_regular_city, beast_lair_carwin_5, grunt_megastairs_4
Lair:2:   layout_regular_city, swamp_mist_pool, spider_nest_entry_a,
          gammafunk_ghost_hive, ldierk_geyser, uniq_erica, uniq_fannar
Lair:3:   layout_hall_layers
Lair:4:   layout_hall_layers
Lair:5:   layout_gridlike, slime_altar_2, maelrawn_ghost_gauntlet_escape
Lair:6:   hangedman_lair_caniforms_friends, layout_gridlike,
          guppyfry_lair_end_dragon, chequers_serial_rivers_room_b,
          wad_woods_road_03
Slime:1:  layout_caves, cheibrodos_slime_lost_civilization_5
Slime:2:  layout_caves
Slime:3:  layout_caves, basic_altar
Slime:4:  layout_caves
Slime:5
Abyss:3:  base: Vaults:2, base: Lair:2, evilmike_abyss_rune_elephants_shrine,
          evilmike_abyss_exit_smiterflies, evilmike_abyss_exit_smiterflies,
          minivault_11, hangedman_abyss_rune_flesh_and_stone,
          hangedman_abyss_shoalhut, doesnt_abyss_rune_brain_food

Skill      XL: |  1  2  3  4  5  6  7  8  9 10 11 12 13 14 |
---------------+-------------------------------------------+-----
Unarmed Combat | 3 4 5 6 8 9 10 12 14 15 | 15.3
Fighting       | 3 4 5 7 8 10 11 12 | 12.8
Shields        | 3 4 5 7 8 9 |  9.0
Dodging        | 4 |  4.1
Transmutations | 1 5 |  5.2
Spellcasting   | 1 2 |  2.0
Earth Magic    | 5 |  5.6

Action                   |  1- 3 |  4- 6 |  7- 9 | 10-12 | 13-15 || total
-------------------------+-------+-------+-------+-------+-------++-------
Melee: Unarmed           |   113 |   170 |   335 |   583 |   728 ||  1929
       Kick              |       |       |       |       |    40 ||    40
Invok: Request Jelly     |       |       |       |       |     2 ||     2
       Slimify           |       |       |       |       |     2 ||     2
Evoke: Wand              |       |       |       |    10 |     6 ||    16
       Lamp of fire      |       |       |       |       |     1 ||     1
  Use: Scroll            |       |     5 |     2 |    16 |     7 ||    30
       Potion            |       |       |     2 |     4 |     1 ||     7
 Stab: Sleeping          |     1 |       |       |       |     1 ||     2
       Confused          |       |       |       |       |     2 ||     2
  Eat: Chunk             |    17 |    13 |    40 |    69 |    40 ||   179
Armor: Robe              |    39 |    34 |    76 |    82 |    75 ||   306
       Skin              |       |       |    15 |       |       ||    15
Dodge: Dodged            |    35 |    51 |   105 |   195 |   245 ||   631
Block: Shield            |    40 |    54 |   177 |   262 |   309 ||   842

Table legend:
 A = Non-vault XP
 B = Vault XP
 C = Vault XP percentage of total XP
 D = Non-vault monster count
 E = Vault monster count
 F = Vault count percentage of total count
                 A         B        C        D         E       F
            +---------+---------+-------+---------+---------+-------
      Total |   60381 |   30109 |  33.3 |     381 |     146 |  27.7
            +---------+---------+-------+---------+---------+-------
        D:1 |      34 |       0 |   0.0 |      17 |       0 |   0.0
        D:2 |      34 |       0 |   0.0 |      12 |       0 |   0.0
        D:3 |      96 |     204 |  68.0 |      30 |      10 |  25.0
        D:4 |     587 |      30 |   4.9 |      19 |       2 |   9.5
        D:5 |     525 |     359 |  40.6 |      16 |       8 |  33.3
        D:6 |     555 |       0 |   0.0 |      14 |       0 |   0.0
        D:7 |    1792 |       0 |   0.0 |      26 |       0 |   0.0
        D:8 |    1412 |    1070 |  43.1 |      22 |      15 |  40.5
        D:9 |     753 |       0 |   0.0 |      10 |       0 |   0.0
       D:10 |    4983 |       0 |   0.0 |      29 |       0 |   0.0
       D:11 |    3211 |     125 |   3.7 |      20 |       2 |   9.1
       D:12 |    3460 |     375 |   9.8 |      20 |       6 |  23.1
       D:13 |    4225 |    2325 |  35.5 |      16 |       7 |  30.4
       D:14 |    5610 |    8214 |  59.4 |      22 |      15 |  40.5
     Lair:1 |    1113 |    1303 |  53.9 |       4 |       7 |  63.6
     Lair:2 |    4971 |    1888 |  27.5 |      20 |       2 |   9.1
     Lair:3 |    7880 |       0 |   0.0 |      21 |       0 |   0.0
     Lair:4 |    3613 |       0 |   0.0 |      19 |       0 |   0.0
     Lair:5 |    8116 |     135 |   1.6 |      26 |       4 |  13.3
     Lair:6 |    4974 |   14081 |  73.9 |      16 |      68 |  81.0
    Abyss:3 |    2437 |       0 |   0.0 |       2 |       0 |   0.0
            +---------+---------+-------+---------+---------+-------
